 Dungeon Crawl Stone Soup version 0.31-a0-4-gefa6de2278 (webtiles) character file.

Game seed: 3389876750081618509

1414 GloriousHammer the Cleaver (level 9, -3/70 HPs)
             Began as a Meteoran Fighter on May 3, 2023.
             Was a Believer of Hepliaklqana.
             Slain by a gnoll
             ... wielding a +1 halberd of electrocution
              (19 damage)
             ... in a bailey.
             The game lasted 00:10:16 (1166 turns).

GloriousHammer the Cleaver (Meteoran Fighter)       Turns: 1166, Time: 00:10:16

Health: -3/70      AC: 19    Str: 22    XL:     9   Next: 21%
Magic:  10/10      EV:  6    Int: 10    God:    Hepliaklqana [**....]
Gold:   109        SH:  5    Dex: 14    Spells: 8/8 levels left

rFire   . . .        a - +0 war axe
rCold   . . .        c - +0 buckler
rNeg    . . .        f - +0 plate armour
rPois   .            (no helmet)
rElec   .            (no cloak)
rCorr   .            u - +0 pair of gloves
SInv    .            B - +0 pair of boots
Will    +....        (no amulet) Stlth
                     T - +4 ring of protection
HPRegen 0.31/turn    (no ring)
MPRegen 0.12/turn

%: no passive effects
@: glowing, studying Ranged Weapons
A: reduced essence, sense surroundings 2, otherworldly, glowing, explore regen
a: Renounce Religion, Recall Ancestor, Ancestor Identity


You were in a bailey.
You worshipped Hepliaklqana.
Hepliaklqana was pleased with you.
You visited 1 branch of the dungeon, and saw 7 of its levels.
You also visited: Bailey.

You collected 109 gold pieces.

Inventory:

Hand Weapons
 a - a +0 war axe (weapon)
 b - a +0 sling of draining
 k - a +0 sling
 v - the +0 long sword of Somewhere Else {protect, rF- rN+ Will+ Str+4}
   (You found it on level 5 of the Dungeon)

   Str:       It affects your strength (+4).
   rF:        It makes you vulnerable to fire.
   rN:        It protects you from negative energy.
   Will:      It increases your willpower.
 z - a +0 whip
Missiles
 i - 2 poisoned darts (quivered)
 j - a throwing net
 t - 6 boomerangs
 A - 2 boomerangs of dispersal
Armour
 c - a +0 buckler (worn)
 f - a +0 plate armour (worn)
 l - a +1 leather armour of positive energy
 u - a +0 pair of gloves (worn)
 B - a +0 pair of boots (worn)
Magical Staves
 D - a staff of conjuration
Jewellery
 T - a +4 ring of protection (left hand)
Wands
 C - a wand of mindburst (14)
Scrolls
 d - a scroll of blinking {unknown}
 g - a scroll of brand weapon {unknown}
 h - a scroll of immolation {unknown}
 m - 8 scrolls of identify {unknown}
 n - a scroll of teleportation {unknown}
 p - a scroll of summoning {unknown}
 s - a scroll of amnesia {unknown}
 w - 2 scrolls of fear {unknown}
 x - a scroll of fog {unknown}
 y - a scroll of poison {unknown}
Potions
 e - a potion of berserk rage {unknown}
 o - 2 potions of haste {unknown}
 q - 2 potions of flight {unknown}
 r - 2 potions of resistance {unknown}
 E - 2 potions of lignification {unknown}


   Skills:
 + Level 6.5 Fighting
 * Level 9.1 Axes
 + Level 0.2 Ranged Weapons
 + Level 7.2 Armour
 - Level 4.0 Shields


You had 8 spell levels left.
You didn't know any spells.
Your spell library contained the following spells:

 Spells                   Type           Power      Damage    Failure   Level
 Call Canine Familiar     Summ           0%         N/A       100%        3
 Gell's Gravitas          Tloc           0%         N/A       100%        3
 Portal Projectile        Hex/Tloc       0%         N/A       100%        3
 Teleport Other           Tloc           0%         N/A       100%        3
 Leda's Liquefaction      Hex/Erth       0%         N/A       100%        4
 Dispersal                Tloc           0%         N/A       100%        6


Dungeon Overview and Level Annotations

Branches:
Dungeon (7/15) Zot: 3036   Bailey (1/1) Zot: 552
 Temple: D:4-7

Altars:
Hepliaklqana


Innate Abilities, Weirdness & Mutations

Your life essence is reduced to manifest your ancestor. (-10% HP)
You passively map the area around you.
You are easily found by Zot.
You glow in the dark.
You regain HP and MP as you explore.


Message History

Found 2 metallic golden potions.
You may now remember your ancestor's life.
Found 15 gold pieces.
Are you sure you want to remember your ancestor as a hexer?
It is so.
Found a weird smoking staff.
You hear the faint creaking of a portcullis.
Found a stone staircase leading down.
E - 2 metallic golden potions You now have 109 gold pieces (gained 15).
There is a flagged portal here.
The world spins around you as you enter the gateway.
You enter a bailey!
There is an empty arch of ancient stone here.
You open the door.
Found a scroll of acquirement.
Found a gate leading back out of this place.
There is an open door here.
You swap places.
There is a gate leading back out of this place here.
F - a scroll of acquirement
There are no items here.
You see here a manual of Ranged Weapons.
Something appears at your feet!
Adjust to which letter? (? for menu, Esc to quit)
b - a +0 sling of draining;
y - a scroll labelled JOOTZU YJUIZISCHA You pick up a manual of Ranged Weapons and begin studying.
You open the door.
A gnoll comes into view.
It is wielding a +0 halberd of electrocution.
The gnoll shouts!
The gnoll hits you from afar with a +0 halberd of electrocution.
You are electrocuted!
Marduk-asir points at the gnoll and mumbles some strange words.
The gnoll appears confused.
There is an open door here.
You hit the gnoll.
The gnoll is heavily wounded.
You block the gnoll's attack.
You hit the gnoll but do no damage.
The gnoll is heavily wounded.
The gnoll hits you with a +0 halberd of electrocution!
You hit the gnoll.
You kill the gnoll!
You see here a +0 halberd of electrocution.
You swap places.
There is an open door, spattered with blood here.
You open the door.
There is an open door here.
You open the door.
An orc comes into view. It is wielding a +0 trident.
The orc shouts!
Marduk-asir casts a spell at the orc.
The orc seems to slow down.
You slash the orc!
You kill the orc!
There is an open door here.
Things that are here:
a +0 trident; a +0 scale mail You swap places.
You open the door. You open the door. You open the door.
A gnoll comes into view.
It is wielding a +2 halberd of electrocution.
The gnoll shouts!
You hear a shout!
Marduk-asir casts a spell at the gnoll.
The gnoll seems to slow down.
The gnoll hits you but does no damage.
You are electrocuted!
Something unseen opens the door.
A gnoll comes into view.
It is wielding a +1 halberd of electrocution.
The gnoll shouts!
There is an open door here.
You slash the gnoll!
The gnoll is almost dead.
The gnoll hits you with a +2 halberd of electrocution!
The gnoll hits you but does no damage.
You closely miss the gnoll.
The gnoll is almost dead.
The gnoll hits you but does no damage. x2
You hit the gnoll.
You kill the gnoll!
The gnoll hits you but does no damage. The gnoll closely misses you.
You see here a +2 halberd of electrocution.
You barely miss the gnoll. The gnoll barely misses you.
You barely miss the gnoll.
The gnoll hits you with a +1 halberd of electrocution.
The gnoll hits you with a +1 halberd of electrocution!
You hit the gnoll.
The gnoll is moderately wounded.
The gnoll barely misses you.
You barely miss the gnoll.
The gnoll is moderately wounded.
The gnoll hits you but does no damage.
You are electrocuted!
* * * LOW HITPOINT WARNING * * *
You hit the gnoll.
The gnoll is heavily wounded.
The gnoll hits you but does no damage.
You are electrocuted!!
You die...

** ##### ##
### , *
#.g@##*.###∩#
+
+###R##'##'##
, ##.....## *
*,, ,**
*#.....### +
+, +..∩..'.#
, ,,
**#.....### ,
,, ##.....##
* + * +
##'##'##)#* ,
* *
#)###.###.#


You could see the friendly Marduk-asir the hexer and a gnoll (ally target).

Vanquished Creatures
  Pikel (D:6)
  Grinder (D:5)
  A lemure (D:6)
  A centaur (D:7)
  A scorpion (D:5)
  3 jellies
  3 hounds
  An iguana (D:6)
  2 sleepcaps
  3 orc wizards
  5 gnolls
  3 adders
  A white imp (D:5)
  2 dart slugs
  6 orcs
  2 bats (D:1)
  A giant cockroach (D:1)
  A hobgoblin (D:1)
  2 jackals (D:3)
  2 kobolds
  A quokka (D:1)
  7 ball pythons
  A rat (D:2)
51 creatures vanquished.

Vanquished Creatures (collateral kills)
  A centaur (D:7)
  A scorpion (D:6)
  A sleepcap (D:6)
  An adder (D:5)
4 creatures vanquished.

Vanquished Creatures (others)
  An ancestor (D:7)
  3 demonic plants (D:3)
  3 fungi (D:3)
  3 plants (D:3)
10 creatures vanquished.

Grand Total: 65 creatures vanquished

Notes
Turn   | Place    | Note
-------+----------+-------------------------------------------
     0 | D:1      | GloriousHammer the Meteoran Fighter began the quest for the
                  | Orb.
     0 | D:1      | Reached XP level 1. HP: 19/19 MP: 2/2
    40 | D:1      | Reached XP level 2. HP: 25/26 MP: 3/3
   127 | D:2      | Found a hazy altar of Hepliaklqana.
   141 | D:2      | Became a worshipper of Hepliaklqana the Forgotten
   283 | D:3      | Reached XP level 3. HP: 31/31 MP: 4/4
   284 | D:3      | Reached skill level 3 in Axes
   422 | D:4      | Reached XP level 4. HP: 40/40 MP: 5/5
   438 | D:4      | Reached skill level 4 in Axes
   438 | D:4      | Reached XP level 5. HP: 39/46 MP: 6/6
   445 | D:5      | Entered Level 5 of the Dungeon
   477 | D:5      | Noticed Grinder
   489 | D:5      | Paralysed by Grinder for 4 turns
   512 | D:5      | Killed Grinder
   513 | D:5      | Reached skill level 5 in Axes
   513 | D:5      | Reached skill level 5 in Armour
   513 | D:5      | Reached XP level 6. HP: 23/53 MP: 7/7
   513 | D:5      | Reached XP level 7. HP: 26/60 MP: 8/8
   634 | D:5      | Reached skill level 6 in Axes
   658 | D:5      | Reached * piety under Hepliaklqana
   688 | D:5      | Reached skill level 5 in Fighting
   723 | D:5      | Identified the +0 long sword of Somewhere Else {protect,
                  | rF- rN+ Will+ Str+4}
   812 | D:6      | Reached XP level 8. HP: 48/61 MP: 9/9
   870 | D:6      | Noticed Pikel
   874 | D:6      | Reached skill level 7 in Axes
   883 | D:6      | Killed Pikel
   884 | D:6      | Reached skill level 8 in Axes
   941 | D:6      | Gained mutation: You passively map the area around you.
                  | [Meteoran growth]
   941 | D:6      | Reached XP level 9. HP: 26/67 MP: 10/10
  1055 | D:7      | Reached skill level 9 in Axes
  1061 | D:7      | Found a flagged portal.
  1100 | D:7      | Reached ** piety under Hepliaklqana
  1102 | D:7      | Remembered your ancestor Marduk-asir as a hexer
  1121 | Bailey   | Entered a bailey
  1130 | Bailey   | Acquired a manual of Ranged Weapons
  1166 | Bailey   | Slain by a gnoll

Illustrated notes

Levels and vault maps discovered:
D:1:      erik_arrival_blinker_ship, layout_basic, serial_shops, shop,
          chequers_serial_rivers_large_b, minmay_stone_trees_small,
          minmay_hedge_maze
D:2:      layout_basic, basic_altar
D:3:      layout_loops_ring, shapermc_ecumenical_altar_gd, uniq_natasha
D:4:      layout_cave_pools, serial_shops, nicolae_shop_rolling_square,
          gammafunk_ghost_cemetery, serial_co_window_serial, co_window_paths_a,
          co_window_paths_a, co_window_paths_b, co_window_paths_b,
          co_window_paths_a, co_window_broadway_c, co_window_corner_b,
          co_window_of_opportunity_c, co_window_corner_ca,
          co_window_of_opportunity_b, co_window_sun, co_window_paths_e,
          glass_columns_b, glass_columns_c, glass_columns_c, glass_columns_c
D:5:      layout_loops_corners, uniq_grinder, uniq_duvessa
D:6:      layout_basic, minmay_tree_intersection, uniq_pikel
D:7:      layout_gridville, nicolae_ashenzari_skybound,
          minmay_temple_entry_glassed_door, enter_bailey_6,
          kennysheep_generic_room_16, uniq_prince_ribbit1,
          uniq_crazy_yiuf_cottage
Bailey:   bailey_polearm_nasty_gnolls, bailey

Skill      XL: |  1  2  3  4  5  6  7  8  9 |
---------------+----------------------------+-----
Axes           | 3 4 5 6 8 9 |  9.1
Shields        | 4 |  4.0
Armour         | 4 5 6 7 |  7.2
Fighting       | 4 5 6 |  6.5
Ranged Weapons | |  0.2

Action                     |  1- 3 |  4- 6 |  7- 9 || total
---------------------------+-------+-------+-------++-------
  Melee: War axe           |    49 |    25 |    85 ||   159
  Throw: Dart              |       |     1 |     3 ||     4
 Invoke: Recall Ancestor   |       |       |     1 ||     1
         Ancestor Life: He |       |       |     1 ||     1
    Use: Potion            |       |     1 |     2 ||     3
         Scroll            |       |       |     1 ||     1
 Armour: Scale mail        |    26 |       |       ||    26
         Plate armour      |     6 |    24 |    97 ||   127
  Dodge: Dodged            |    23 |    10 |    18 ||    51
  Block: Buckler           |     8 |     4 |    19 ||    31

Table legend: (Time is in decaauts)
 A = Elapsed time spent in this place.
 B = Non-inter-level travel time spent in this place.
 C = Inter-level travel time spent in this place.
 D = Time resting spent in this place.
 E = Time spent auto-exploring this place.
 F = Levels seen in this place.
 G = Mean time per level.
                   A        B        C        D        E       F      G
               +--------+--------+--------+--------+--------+-----+--------+
         Total |   1209 |   1209 |      0 |      0 |      0 |   8 |  151.1 |
       Dungeon |   1163 |   1163 |      0 |      0 |      0 |   7 |  166.1 |
        Bailey |     46 |     46 |      0 |      0 |      0 |   1 |   46.0 |
               +--------+--------+--------+--------+--------+-----+--------+

Top non-repeatable levels by time:
     D:5: 311 daAuts
     D:6: 240 daAuts
     D:2: 150 daAuts
     D:1: 139 daAuts
     D:7: 123 daAuts
     D:4: 112 daAuts
     D:3: 86 daAuts
  Bailey: 46 daAuts
